 Dungeon Crawl Stone Soup version 0.29.0-11-gd7f09526c8 (webtiles) character file.

Game seed: 2675992556139844327

25 Flugkiller the Covered (level 2, 0/27 HPs)
             Began as a Minotaur Fighter on Sept 5, 2022.
             Slain by Sigmund
             ... wielding a +2 scythe of freezing
              (8 damage)
             ... on level 2 of the Dungeon.
             The game lasted 00:00:23 (1355 turns).

Flugkiller the Covered (Minotaur Fighter)           Turns: 1355, Time: 00:00:24

Health: 0/27       AC:  7    Str: 20    XL:     2   Next: 86%
Magic:  1/1        EV:  9    Int:  5    God:
Gold:   72         SH:  0    Dex:  9    Spells: 1/1 levels left

rFire   . . .      SeeInvis .   a - +0 war axe
rCold   . . .      Faith    .   c - +0 buckler
rNeg    . . .      Spirit   .   b - +0 scale mail
rPois   .          Reflect  .   (helmet restricted)
rElec   .          Harm     .   (no cloak)
rCorr   .          Rampage  .   (no gloves)
Will    .....                   (no boots)
Stlth   ..........              (no amulet)
HPRegen 0.09/turn               (no ring)
MPRegen 0.07/turn               (no ring)

@: confused
A: horns 2, retaliatory headbutt
a: no special abilities


You were on level 2 of the Dungeon.
You visited 1 branch of the dungeon, and saw 2 of its levels.

You collected 72 gold pieces.

Inventory:

Hand Weapons
 a - a +0 war axe (weapon)
Armour
 b - a +0 scale mail (worn)
 c - a +0 buckler (worn)
Scrolls
 f - a scroll of torment {unknown}
 g - a scroll of fear {unknown}
 h - a scroll of identify {unknown}
 j - a scroll of magic mapping {unknown}
 l - a scroll of immolation {unknown}
Potions
 d - a potion of might
 e - a potion of mutation {unknown}
 i - a potion of degeneration {unknown}
 k - a potion of cancellation {unknown}
 m - a potion of magic {unknown}
 n - a potion of heal wounds {unknown}


   Skills:
 + Level 4.0 Fighting
 * Level 3.4 Axes
 + Level 4.0 Armour
 - Level 3.6 Shields


You had one spell level left.
You didn't know any spells.
Your spell library was empty.

Dungeon Overview and Level Annotations

Branches:
Dungeon (2/15)

Altars:

Annotations:
D:2 Sigmund


Innate Abilities, Weirdness & Mutations

You have a pair of horns on your head.
You reflexively headbutt those who attack you in melee.


Message History

Found a stone staircase leading up.
The hobgoblin shouts!
The bat hits you but does no damage. The bat barely misses you.
You furiously retaliate!
You headbutt the bat.
You kill the bat!
Your Fighting skill increases to level 4!
You see here a book of Vapours.
Found a dagger.
You block the hobgoblin's attack.
You hit the hobgoblin.
The hobgoblin is almost dead.
The hobgoblin hits you but does no damage.
The hobgoblin completely misses you. You furiously retaliate!
You headbutt the hobgoblin, but do no damage.
You hit the hobgoblin but do no damage.
The hobgoblin is almost dead.
You block the hobgoblin's attack.
You hit the hobgoblin.
You kill the hobgoblin!
No target in view!
Found a ring mail.
You see here a +0 dagger.
A hobgoblin comes into view.
The hobgoblin shouts!
A hobgoblin is nearby!
The hobgoblin hits you.
You slash the hobgoblin!
You kill the hobgoblin!
No target in view!
No target in view!
No target in view!
No target in view!
No target in view!
m - a fizzy pink potion A frilled lizard comes into view.
The frilled lizard hisses angrily.
A frilled lizard is nearby!
You slash the frilled lizard!
You kill the frilled lizard!
No target in view!
No target in view!
No target in view!
No target in view!
n - an amethyst potion Sigmund the Dreaded comes into view.
He is wielding a +2 scythe of freezing.
Found a book of Touch.
Sigmund shouts!
You hear an angry hiss.
Sigmund casts a spell at you. You resist with significant effort.
Sigmund is nearby!
A bat comes into view.
The bat moves out of view.
A goblin and a frilled lizard come into view.
The goblin shouts!
The frilled lizard hisses angrily.
Sigmund gestures at you while chanting. The puff of flame hits you.
Sigmund closely misses you.
You closely miss Sigmund. You headbutt Sigmund!
Sigmund is heavily wounded.
Sigmund barely misses you.
You hit Sigmund.
Sigmund is severely wounded.
Sigmund hits you with a +2 scythe of freezing.
Sigmund freezes you.
You closely miss Sigmund. You headbutt Sigmund, but do no damage.
Sigmund is severely wounded.
Sigmund points at you and mumbles some strange words.
You are confused.
You are too confused!
You bump into the rock wall.
Sigmund hits you with a +2 scythe of freezing.
Sigmund freezes you.
You are too confused!
You barely miss Sigmund. Your headbutt misses Sigmund.
Sigmund is severely wounded.
Sigmund hits you with a +2 scythe of freezing.
Sigmund freezes you.
You are too confused!
You hit Sigmund but do no damage. Your headbutt misses Sigmund.
Sigmund is severely wounded.
Sigmund barely misses you.
You are too confused!
You bump into the rock wall.
You closely miss Sigmund.
Sigmund is severely wounded.
You feel less confused.
Sigmund hits you with a +2 scythe of freezing.
Sigmund freezes you.
* * * LOW HITPOINT WARNING * * *
You hit Sigmund.
Sigmund is almost dead.
You block Sigmund's attack.
You closely miss Sigmund. Your headbutt misses Sigmund.
Sigmund is almost dead.
Sigmund asks, "Do you like me?" Sigmund gestures at you while chanting.
You are confused.
You miss Sigmund.
Sigmund is almost dead.
Sigmund hits you with a +2 scythe of freezing!
You die...

#.# #.#...#.# ##.....##
#.# #.......# ##......
#.# ####.#### #######
..##### #####.#
#.....###...#.#
#.............#
#.....#.......#
#........####.#######...
#.#.............@@bg....
#.....##.####.####l.....
####.....# #.# .....
#.##### #.# .... #.# ...
... #.# ... .. #.# ....
. #.# ... #.#


You could see Sigmund, a goblin, a bat and a frilled lizard.

Vanquished Creatures
  A dart slug (D:1)
  A ball python (D:1)
  2 bats (D:2)
  An endoplasm (D:2)
  5 goblins (D:1)
  4 hobgoblins
  A kobold (D:1)
  A quokka (D:2)
  2 frilled lizards
  A rat (D:2)
19 creatures vanquished.

Notes
Turn   | Place    | Note
-------+----------+-------------------------------------------
     0 | D:1      | Flugkiller the Minotaur Fighter began the quest for the
                  | Orb.
     0 | D:1      | Reached XP level 1. HP: 19/19 MP: 0/0
   159 | D:1      | You fall into a shaft and drop 1 floor!
   192 | D:2      | Reached XP level 2. HP: 27/27 MP: 1/1
   972 | D:1      | Found a faded altar of an unknown god.
  1341 | D:2      | Noticed Sigmund
  1355 | D:2      | Slain by Sigmund

Illustrated notes

Levels and vault maps discovered:
D:1:      lemuel_arrival_muddy, layout_basic,
          hellmonk_ecumenical_altar_leap_of_faith
D:2:      layout_loops_cross, basic_altar, uniq_sigmund, uniq_natasha

Skill      XL: |  1  2 |
---------------+-------+-----
Axes           | 3 |  3.4
Armour         | 4 |  4.0
Fighting       | 4 |  4.0
Shields        | |  3.6

Action                   || total
-------------------------++-------
Melee: War axe           ||    43
       Headbutt          ||     6
Armor: Scale mail        ||    16
Dodge: Dodged            ||    18
Block: Buckler           ||    10
